 Dungeon Crawl Stone Soup version 0.28.0 (webtiles) character file.

Game seed: 13012232379991062544

72 themarg the Cudgeller (level 4, -8/41 HPs)
             Began as a Minotaur Monk on Feb 5, 2022.
             Was an Initiate of Yredelemnul.
             Mangled by a gnoll (10 damage)
             ... on level 3 of the Dungeon.
             The game lasted 00:09:47 (1670 turns).

themarg the Cudgeller (Minotaur Monk)               Turns: 1670, Time: 00:09:48

Health: -8/41      AC:  5    Str: 18    XL:     4   Next: 7%
Magic:  3/3        EV: 12    Int:  7    God:    Yredelemnul [......]
Gold:   26         SH:  0    Dex: 12    Spells: 3/3 levels left

rFire   . . .      SeeInvis .   a - +0 mace
rCold   + . .      Faith    .   i - orb {*channel}
rNeg    . . .      Spirit   .   d - +0 ring mail
rPois   .          Reflect  .   (helmet restricted)
rElec   .          Harm     .   (no cloak)
rCorr   .          Rampage  .   (no gloves)
Will    .....                   (no boots)
Stlth   +.........              (no amulet)
HPRegen 0.13/turn               m - ring of protection from cold
MPRegen 0.08/turn               (no ring)

@: no status effects
A: horns 2, retaliatory headbutt
a: Renounce Religion, Recall Undead Harvest


You were on level 3 of the Dungeon.
You worshipped Yredelemnul.
Yredelemnul was noncommittal.
You visited 1 branch of the dungeon, and saw 3 of its levels.

You collected 80 gold pieces.
You spent 54 gold pieces at shops.

Inventory:

Hand Weapons
 a - a +0 mace (weapon)
 l - a +0 short sword
Missiles
 c - 111 stones (quivered)
 h - 2 throwing nets
Armour
 b - a +0 robe
 d - a +0 ring mail (worn)
 i - an orb of energy (worn)
Jewellery
 m - a ring of protection from cold (left hand)
Scrolls
 e - a scroll of acquirement {unknown}
 f - a scroll of immolation {unknown}
 g - 3 scrolls of teleportation {unknown}
 k - a scroll of identify {unknown}
 o - 2 scrolls of noise {unknown}
Potions
 j - 3 potions of curing {unknown}
 n - a potion of cancellation {unknown}


   Skills:
 + Level 4.5 Fighting
 + Level 4.7 Maces & Flails
 + Level 0.4 Armour
 + Level 3.8 Dodging
 + Level 1.8 Stealth


You had 3 spell levels left.
You didn't know any spells.
Your spell library was empty.

Dungeon Overview and Level Annotations

Branches:
Dungeon (3/15)

Altars:
Yredelemnul

Shops:
D:2 *


Innate Abilities, Weirdness & Mutations

You have a pair of horns on your head.
You reflexively headbutt those who attack you in melee.


Message History

You swap places.
There is an entrance to Tokiro's Assorted Antiques here.
Unknown command.
o - a scroll labelled BAX EP COCOTY
o - 2 scrolls labelled BAX EP COCOTY (gained 1) Thank you for shopping at Tokiro's Assorted Antiques!
There is a stone staircase leading down here.
Unknown command.
You climb downwards.
Your mindless puppet stays behind to rot.
The gnoll shouts! x3
Found 15 gold pieces and a scroll labelled MIPIRESCH YTESS.
Found a stone staircase leading up.
There is a stone staircase leading up here.
Found a stone staircase leading down.
The gnoll hits you with a +0 whip.
You hit the gnoll.
The gnoll is heavily wounded.
The gnoll hits you from afar with a +0 halberd!
The gnoll barely misses you. You furiously retaliate!
You headbutt the gnoll!
You kill the gnoll!
A black mist starts to gather...
The gnoll hits you from afar with a +0 halberd.
You have reached level 4!
You feel stronger. The gnoll hits you with a +0 halberd.
The gnoll closely misses you.
You see here a +0 whip.
You hit the gnoll.
The gnoll is heavily wounded.
The gnoll misses you. x2
You hit the gnoll.
The gnoll is heavily wounded.
The gnoll barely misses you. The gnoll misses you.
You closely miss the gnoll. Your headbutt misses the gnoll.
The gnoll is heavily wounded.
The gnoll closely misses you.
The gnoll hits you from afar with a +0 halberd!
* * * LOW HITPOINT WARNING * * *
The gnoll hits you from afar with a +0 halberd!
You die...
Your body rises from the dead as a mindless zombie.

###########
....#<....##
........<..##
............#
........@...#
>.....Z)....#
.....gg.....#
............#
...$........#
........?..##
..........##
####..#.###
##.#..


You could see 2 gnolls and a friendly gnoll zombie.

Vanquished Creatures
  2 adders (D:2)
  A gnoll (D:3)
  A dart slug (D:1)
  5 ball pythons
  4 endoplasms (D:1)
  A giant cockroach (D:2)
  3 goblins
  4 hobgoblins
  2 kobolds (D:1)
  2 quokkas (D:1)
  4 bats (D:1)
  2 frilled lizards
  4 rats
35 creatures vanquished.

Vanquished Creatures (collateral kills)
  A worm (D:2)
  2 kobolds
3 creatures vanquished.

Vanquished Creatures (others)
  A rat zombie (D:2)
1 creature vanquished.

Grand Total: 39 creatures vanquished

Notes
Turn   | Place    | Note
-------+----------+-------------------------------------------
     0 | D:1      | themarg the Minotaur Monk began the quest for the Orb.
     0 | D:1      | Reached XP level 1. HP: 19/19 MP: 0/0
   251 | D:1      | Reached XP level 2. HP: 22/27 MP: 1/1
   634 | D:1      | Found a faded altar of an unknown god.
   648 | D:1      | Prayed at the altar of an unknown god.
   648 | D:1      | Became a worshipper of Yredelemnul the Dark
   648 | D:1      | Reached * piety under Yredelemnul
   648 | D:1      | Reached ** piety under Yredelemnul
  1055 | D:1      | Reached XP level 3. HP: 33/33 MP: 2/2
  1558 | D:2      | Found Tokiro's Assorted Antiques.
  1636 | D:2      | Bought a scroll labelled BAX EP COCOTY for 27 gold pieces
  1636 | D:2      | Bought a scroll labelled BAX EP COCOTY for 27 gold pieces
  1666 | D:3      | Reached XP level 4. HP: 20/41 MP: 3/3
  1669 | D:3      | HP: 2/41 [gnoll (14)]
  1670 | D:3      | Mangled by a gnoll

Illustrated notes

Levels and vault maps discovered:
D:1:      heliophobic_arrival_dark_side_of_the_moon, layout_loops_ring,
          hellmonk_ecumenical_altar_slurped_away
D:2:      layout_rooms, serial_shops, nicolae_square_shop, minmay_circle_x
D:3:      layout_rooms, nicolae_qazlal_style_of_elements, interstate_on_off

Skill      XL: |  1  2 |
---------------+-------+-----
Fighting       | 4 |  4.5
Maces & Flails | 4 |  4.7
Armour         | |  0.4
Dodging        | |  3.8
Stealth        | |  1.8

Action                   |  1- 3 |  4- 6 || total
-------------------------+-------+-------++-------
Melee: Mace              |    64 |     3 ||    67
       Headbutt          |     7 |       ||     7
       Punch             |     2 |       ||     2
 Stab: Sleeping          |     1 |       ||     1
Armor: Robe              |     3 |       ||     3
       Ring mail         |    16 |       ||    16
Dodge: Dodged            |    36 |     6 ||    42
